 Dungeon Crawl Stone Soup version 0.31.0-4-g52a2dc7128 (webtiles) character file.

Game seed: 13418501764993076291

76 Goblin1989 the Sneak (level 4, 0/35 HPs)
             Began as a Demonspawn Delver on Jan 21, 2024.
             Was a Follower of Uskayaw.
             Slain by a gnoll
             ... wielding a +0 spear
              (3 damage)
             ... on level 3 of the Dungeon.
             The game lasted 00:06:18 (706 turns).

Goblin1989 the Sneak (Demonspawn Delver)             Turns: 706, Time: 00:06:19

Health: 0/35       AC:  3    Str: 12    XL:     4   Next: 12%
Magic:  4/4        EV: 11    Int: 11    God:    Uskayaw [*.....]
Gold:   66         SH:  0    Dex: 16    Spells: 3/3 levels left

rFire   . . .        a - +0 short sword
rCold   . . .        (no shield)
rNeg    . . .        b - +0 leather armour
rPois   .            (no helmet)
rElec   .            h - scarf {shadows}
rCorr   .            (no gloves)
SInv    .            (no boots)
Will    .....        (no amulet)
Stlth   +++          (no ring)
HPRegen 0.25/turn    (no ring)
MPRegen 0.09/turn

%: no passive effects
@: no status effects
A: hooves 1, powered by pain 1
a: Renounce Religion, Stomp


You were on level 3 of the Dungeon.
You worshipped Uskayaw.
Uskayaw was noncommittal.
You visited 2 branches of the dungeon, and saw 5 of its levels.

You collected 66 gold pieces.

Inventory:

Hand Weapons
 a - a +0 short sword (weapon)
Armour
 b - a +0 leather armour (worn)
 h - a scarf of shadows (worn)
Magical Staves
 j - a staff of fire
Wands
 g - a wand of digging (3) {@v3}
 o - a wand of paralysis (6) {@v2}
Scrolls
 c - 2 scrolls of fog
 e - a scroll of fear
 i - a scroll of immolation {unknown}
 k - a scroll of noise {unknown}
 l - a scroll of poison {unknown}
 m - a scroll of blinking {unknown}
 n - a scroll of identify {unknown}
Potions
 f - 2 potions of haste {@q3,}


   Skills:
 - Level 3.0 Fighting
 - Level 1.7 Short Blades
 - Level 1.7 Dodging
 + Level 6.1 Stealth


You had 3 spell levels left.
You didn't know any spells.
Your spell library contained the following spells:

 Spells                   Type           Power      Damage    Failure   Level
 Ensorcelled Hibernation  Hex/Ice        0%         N/A       56%         2
 Fugue of the Fallen      Necr           0%         N/A       80%         3
 Anguish                  Hex/Necr       0%         N/A       99%         4


Dungeon Overview and Level Annotations

Branches:
Dungeon (6/15) Zot: 23319  Temple (1/1) D:5 Zot: 5977

Altars:
Cheibriados
Dithmenos
Hepliaklqana
Kikubaaqudgha
Okawaru
Trog
Uskayaw
Vehumet
Xom
Yredelemnul

Annotations:
D:6 4 runed translucent doors


Innate Abilities, Weirdness & Mutations

You have large cloven feet.
You sometimes gain a little power by taking damage.


Message History

You impale the howler monkey!!
You kill the howler monkey!
Your Stealth skill increases to level 6!
There is a stone staircase leading up here.
You climb upwards.
You hear the sound of rushing water.
There is an entrance to a sewer on this level.
Hurry and find it before the portal rusts away!
Found 7 gold pieces.
There is a stone staircase leading down here.
Unknown command.
Unknown command.
An orc comes into view. It is wielding a +0 club.
The helpless orc fails to defend itself.
You impale the orc!!
You kill the orc!
You have reached level 4!
You feel clever.
Health restored: 35; MP restored: 4 Unknown command.
Unknown command.
You see here a +0 hand axe.
The helpless orc fails to defend itself.
You impale the orc!!
You kill the orc!
You can now pass through a line of other dancers.
No target in view!
Okay, then.
As you read the scroll of revelation, it crumbles to dust.
You feel aware of your surroundings.
You sensed 5 altars, and 1 shop/portal.
An orc comes into view. It is wielding a +0 hand axe.
Found an escape hatch in the ceiling.
The helpless orc fails to defend itself.
You impale the orc!!
You kill the orc!
Unknown command.
You see here a +0 hand axe.
Found a viscous purple potion.
A rat comes into view.
The helpless rat fails to defend itself.
You impale the rat!!
You kill the rat!
What level of the Dungeon? (default 3, ? - help)
Okay, then.
Found a stone staircase leading up.
An endoplasm comes into view.
Found a long sword.
Found a curved iron wand.
A bat comes into view.
Found a runed orb.
You hear the slow rusting of a drain nearby.
The helpless endoplasm fails to defend itself.
You impale the endoplasm!!
You kill the endoplasm!
The bat hits you but does no damage. The bat closely misses you.
You hit the bat.
You kill the bat!
No target in view!
No target in view!
o - a wand of paralysis (6) {@v2}
Found a faded altar of an unknown god.
Found a stone staircase leading up.
Found a book of Burglary.
A gnoll comes into view. It is wielding a +0 halberd.
A gnoll comes into view. It is wielding a +0 spear.
Found 12 gold pieces. 2 gnolls come into view.
Found a hand axe.
The gnoll barely misses you.
The gnoll shouts!
You hit the gnoll.
The gnoll is lightly wounded.
The gnoll shouts!
The gnoll barely misses you. The gnoll hits you with a +0 spear.
The gnoll hits you but does no damage.
You take 1 damage, and have 34/35 hp.
The gnoll hits you from afar with a +0 spear.
You take 6 damage, and have 28/35 hp.
The gnoll attacks as it pursues you!
The gnoll hits you from afar with a +0 halberd!
You take 7 damage, and have 21/35 hp.
The gnoll attacks as it pursues you! The gnoll barely misses you.
The gnoll hits you from afar with a +0 spear.
The gnoll barely misses you.
You take 4 damage, and have 17/35 hp.
You hit the gnoll. Your kick misses the gnoll.
The gnoll is lightly wounded.
The gnoll hits you with a +0 halberd.
* * * LOW HITPOINT WARNING * * *
The gnoll hits you from afar with a +0 spear!
* * * LOW HITPOINT WARNING * * *
You take 12 damage, and have 5/35 hp.
MASSIVE DAMAGE!!
You hit the gnoll. You kick the gnoll.
The gnoll is heavily wounded.
The gnoll closely misses you.
The gnoll hits you from afar with a +0 spear.
* * * LOW HITPOINT WARNING * * *
You take 2 damage, and have 3/35 hp.
You hit the gnoll.
The gnoll is severely wounded.
The gnoll hits you from afar with a +0 spear.
You die...

█.....†...~.~≈~♣⌂♣~~~·········▓
▓
...........~~≈≈...~≈~·········▓
▓
█..........≈~≈~≈~~~≈~~...·····▓
▓
█████...██~.~≈≈~~≈~≈≈....·····▓
▓ █...██..≈≈~~~~≈≈~~~..·····▓ ▓
▓▓█..)██..~~..~..~~:.█▓▓▓▓▓▓▓ ▓
▓.[......~...~.~.~~..█ ▓
█.██.██.██...█.██.█.████▓▓▓▓▓▓▓
█.▓█....▓█....@ggg......·······
▓·▓·..█...█.█████g███..▓▓▓▓▓▓▓▓
▓▓▓·▓.......█.█▓▓▓█.█▓▓▓▓▓▓▓▓▓▓
▓····..█..█.█....g$gg.█∩~▓~▓~~▓
▓·▓····........)█████.█▓▓~▓~▓▓▓
·▓·▓▓··<.·▓·███·▓ ▓.█~~~▓~~~▓
▓▓▓·▓·····▓·▓ ▓·▓ ▓·█▓▓▓~▓▓▓▓
·▓·▓▓·······▓ ▓·▓ ▓·~~~~▓~~~▓
▓·▓▓▓▓·▓▓▓▓▓▓▓▓·▓ ▓▓▓▓▓~▓~▓▓▓


You could see 4 gnolls.

Vanquished Creatures
  A howler monkey (D:4)
  2 adders
  A white imp (D:6)
  3 orcs (D:3)
  An endoplasm (D:3)
  A giant cockroach (D:4)
  A goblin (D:4)
  A ball python (D:4)
  A bat (D:3)
  A rat (D:3)
13 creatures vanquished.

Notes
Turn   | Place    | Note
-------+----------+-------------------------------------------
     0 | D:5      | Goblin1989 the Demonspawn Delver began the quest for the
                  | Orb.
     0 | D:5      | Reached XP level 1. HP: 18/18 MP: 1/1
    25 | D:5      | Noticed a phantom
    56 | D:6      | Found a large runed translucent door.
    56 | D:6      | Found a large runed translucent door.
    67 | D:6      | Noticed a jelly
   102 | D:6      | Noticed a vampire mosquito
   102 | D:6      | Noticed a centaur
   108 | D:6      | Found a large runed translucent door.
   108 | D:6      | Found a large runed translucent door.
   154 | D:5      | Found a staircase to the Ecumenical Temple.
   181 | Temple   | Entered the Ecumenical Temple
   192 | Temple   | Became a worshipper of Uskayaw the Reveller
   233 | D:5      | Reached * piety under Uskayaw
   236 | D:5      | Reached ** piety under Uskayaw
   237 | D:5      | Reached skill level 5 in Stealth
   237 | D:5      | Gained mutation: You have large cloven feet. [demonic
                  | ancestry]
   237 | D:5      | Reached XP level 2. HP: 16/24 MP: 2/2
   295 | D:5      | Noticed a phantom
   309 | D:5      | Noticed an ice beast
   443 | D:4      | Gained mutation: You sometimes gain a little power by
                  | taking damage. [demonic ancestry]
   443 | D:4      | Reached XP level 3. HP: 29/29 MP: 3/3
   622 | D:4      | Reached skill level 6 in Stealth
   631 | D:3      | Reached XP level 4. HP: 35/35 MP: 4/4
   684 | D:3      | Found a faded altar of an unknown god.
   706 | D:3      | Slain by a gnoll

Illustrated notes

Levels and vault maps discovered:
D:3:      layout_loops_cross, mainiacjoe_overflow_boulevard, minitemple,
          mainiacjoe_sewer_entry_somewhere_in_here_2,
          chequers_ecumenical_altar_island
D:4:      layout_basic, fedhas_altar_2
D:5:      layout_gridville, minmay_temple_entry_antechambers
D:6:      layout_gridville, minmay_hollow_rounded_squares
Temple:   nicolae_temple_bog_church

Skill      XL: |  1  2  3 |
---------------+----------+-----
Stealth        | 5 6 |  6.1
Fighting       | |  3.0
Short Blades   | |  1.7
Dodging        | |  1.7

Action                     |  1- 3 |  4- 6 || total
---------------------------+-------+-------++-------
  Melee: Short sword       |    23 |     9 ||    32
         Kick              |     1 |     1 ||     2
    Use: Scroll            |       |     1 ||     1
   Stab: Sleeping          |     5 |     4 ||     9
 Armour: Leather armour    |    10 |    10 ||    20
  Dodge: Dodged            |     7 |     6 ||    13
